 Dungeon Crawl Stone Soup version 0.29-a0-617-g7a6b98fccd (webtiles) character file.

Game seed: 1632797006861896811

1760 dolemite99 the Carver (level 8, -7/64 HPs)
             Began as a Minotaur Chaos Knight on June 18, 2022.
             Was a Plaything of Xom.
             Mangled by a gnoll
             ... wielding a +0 flail
             ... led by a gnoll shaman
              (8 damage)
             ... on level 7 of the Dungeon.
             The game lasted 00:09:01 (6378 turns).

dolemite99 the Carver (Minotaur Chaos Knight)       Turns: 6378, Time: 00:09:02

Health: -7/64      AC:  9    Str: 17    XL:     8   Next: 79%
Magic:  7/7        EV:  5    Int:  9    God:    Xom [...*..]
Gold:   42         SH:  0    Dex:  8    Spells: 7/7 levels left

rFire   . . .      SeeInvis .   i - +7 Throatcutter {drain, coup de grace}
rCold   + . .      Faith    .   (no shield)
rNeg    . . .      Spirit   .   x - +0 plate armour
rPois   +          Reflect  .   (helmet unavailable)
rElec   +          Harm     .   (no cloak)
rCorr   .          Rampage  .   (no gloves)
Will    .....      Clarity  +   r - +2 pair of boots
Stlth   ..........              (no amulet)
HPRegen 0.20/turn               (no ring)
MPRegen 0.10/turn               (no ring)

@: lit by a corona, glowing
A: horns 3, retaliatory headbutt, clarity, clumsy 1, cold resistance 1, deformed
body, poison resistance, electricity resistance, weak 1
a: Renounce Religion


You were on level 7 of the Dungeon.
You worshipped Xom.
You were a favourite toy of Xom.
You visited 1 branch of the dungeon, and saw 7 of its levels.

You collected 477 gold pieces.
You spent 435 gold pieces at shops.

Inventory:

Hand Weapons
 a - a +0 falchion of chaos
 i - the +7 Throatcutter (weapon) {drain, coup de grace}
   (You took it off Terence on level 2 of the Dungeon)

   A truly terrible weapon, it drains the life of any living foe it strikes.
   It may instantly kill foes which have little health.
Missiles
 j - 134 stones (quivered)
Armour
 r - a +2 pair of boots (worn)
 t - a +0 chain mail
 x - a +0 plate armour (worn)
Jewellery
 A - a +4 ring of evasion
Wands
 b - a wand of paralysis (1)
 w - a wand of flame (27)
Scrolls
 h - 4 scrolls of teleportation
 l - 3 scrolls of enchant weapon
 m - a scroll of immolation
 u - a scroll of summoning
Potions
 e - 5 potions of resistance
 f - 2 potions of haste
 g - a potion of lignification {unknown}
 n - a potion of curing
 o - 2 potions of cancellation
 p - 4 potions of might
 q - a potion of invisibility {unknown}
 s - a potion of experience {unknown}
 z - a potion of heal wounds {unknown}
Miscellaneous
 c - a piece from Xom's chessboard (15/15)


   Skills:
 - Level 3.6 Fighting
 + Level 13.6 Long Blades
 - Level 2.4 Armour
 - Level 1.1 Dodging
 - Level 1.6 Evocations


You had 7 spell levels left.
You didn't know any spells.
Your spell library contained the following spells:

 Spells                   Type           Power      Damage    Failure   Level
 Shock                    Conj/Air       0%         1d3       100%        1
 Ozocubu's Armour         Ice            0%         N/A       100%        3
 Summon Guardian Golem    Hex/Summ       0%         N/A       100%        3
 Swiftness                Air            0%         N/A       100%        3
 Airstrike                Air            0%         N/A       100%        4
 Metabolic Englaciation   Hex/Ice        0%         N/A       100%        5
 Simulacrum               Ice/Necr       0%         N/A       100%        6
 Orb of Destruction       Conj           0%         9d5       100%        7
 Spellforged Servitor     Conj/Summ      0%         N/A       100%        7


Dungeon Overview and Level Annotations

Branches:
Dungeon (7/15)             Temple (0/1) D:4

Altars:
Cheibriados
Fedhas
Kikubaaqudgha
Qazlal
Wu Jian
Xom

Shops:
D:2 *(?=!   D:3 (   D:4 *


Innate Abilities, Weirdness & Mutations

You have a pair of large horns on your head.
You reflexively headbutt those who attack you in melee.
You possess an exceptional clarity of mind.
You are clumsy. (Dex -2)
Your flesh is cold resistant. (rC+)
Armour fits poorly on your strangely shaped body.
Your system is resistant to poisons. (rPois)
You are resistant to electric shocks. (rElec)
You are weak. (Str -2)


Message History

You feel better.
The centaur shoots an arrow.
The arrow hits you.
The centaur shoots an arrow.
The arrow hits you.
* * * LOW HITPOINT WARNING * * *
The gnoll hits you but does no damage. The gnoll barely misses you.
The centaur unwields a +0 shortbow.
The centaur barely misses you. The centaur kicks you.
* * * LOW HITPOINT WARNING * * *
The gnoll hits you from afar with a +0 halberd!
* * * LOW HITPOINT WARNING * * *
Xom thinks this is hilarious!
You feel better.
The centaur hits you but does no damage.
The centaur kicks you but does no damage.
The centaur hits you but does no damage.
The centaur kicks you but does no damage.
The gnoll hits you but does no damage.
You feel better. The centaur barely misses you. x2
The gnoll hits you with a +0 flail.
* * * LOW HITPOINT WARNING * * *
The gnoll hits you from afar with a +0 halberd.
* * * LOW HITPOINT WARNING * * *
You slash the centaur! You drain the centaur.
You behead the centaur!
You kill the centaur!
You feel better.
The gnoll hits you from afar with a +0 halberd.
* * * LOW HITPOINT WARNING * * *
The gnoll hits you but does no damage. The gnoll hits you with a +0 halberd.
* * * LOW HITPOINT WARNING * * *
The gnoll hits you but does no damage.
You closely miss the gnoll. Your headbutt misses the gnoll.
The gnoll hits you with a +0 halberd!
* * * LOW HITPOINT WARNING * * *
The gnoll hits you but does no damage.
You slash the gnoll! Your headbutt misses the gnoll.
The gnoll is heavily wounded.
The gnoll hits you with a +0 halberd.
* * * LOW HITPOINT WARNING * * *
The gnoll hits you with a +0 flail!
You die...

. .... ...=## ..
... ....... ... ..
...... ..(.##!
#....##
.....(.##......###
..!...(.....#....#
.........##..##.##
......#..).g.....#
..... ###g@§....##
...# ##§§....##
.#######.§§§....#
.....#§§§§..###
........§§....#
.....#........#
.....#........#
... #........## ..
###.......#


You could see 2 gnolls.

Vanquished Creatures
  Edmund (D:5)
  Menkaure (D:4)
  An ice beast (D:6)
  A sky beast (D:7)
  An orc warrior (D:6)
  An ogre (D:6)
  A centaur (D:7)
  A phantom (D:5)
  A necrophage (D:7)
  3 scorpions
  2 orc priests
  A gnoll shaman (D:7)
  6 hounds
  A jelly (D:7)
  6 iguanas
  Ijyb (D:5)
  Terence (D:2)
  4 orc wizards
  A gnoll (D:7)
  6 adders
  2 ufetubi
  A dart slug (D:3)
  18 orcs
  11 endoplasms
  3 giant cockroaches
  5 goblins
  12 hobgoblins
  8 jackals (D:1)
  3 quokkas
  12 ball pythons
  7 bats
  2 frilled lizards
  4 kobolds
  5 rats
134 creatures vanquished.

Vanquished Creatures (others)
  2 plants (D:4)
2 creatures vanquished.

Grand Total: 136 creatures vanquished

Notes
Turn   | Place    | Note
-------+----------+-------------------------------------------
     0 | D:1      | dolemite99 the Minotaur Chaos Knight began the quest for
                  | the Orb.
     0 | D:1      | Reached XP level 1. HP: 19/19 MP: 0/0
    20 | D:1      | XOM: silly message
    49 | D:1      | Reached skill level 4 in Long Blades
   122 | D:1      | Reached XP level 2. HP: 21/26 MP: 1/1
   256 | D:1      | XOM: silly message
   298 | D:1      | XOM: silly message
   341 | D:1      | XOM: silly message
   485 | D:1      | XOM: divination: detect creatures
   883 | D:1      | Reached XP level 3. HP: 27/31 MP: 2/2
  1094 | D:2      | Reached skill level 5 in Long Blades
  1101 | D:2      | XOM: potion effect (haste)
  1107 | D:2      | Reached skill level 1 in Evocations
  1232 | D:2      | Found Mexkupp's General Store.
  1257 | D:2      | Reached XP level 4. HP: 34/39 MP: 3/3
  1295 | D:2      | Bought a potion of curing for 30 gold pieces
  1295 | D:2      | Bought a potion of curing for 30 gold pieces
  1359 | D:2      | Found Fycver's Magic Scroll Shoppe.
  1394 | D:2      | Bought a scroll of teleportation for 39 gold pieces
  1401 | D:2      | Noticed Terence
  1407 | D:2      | Found Erakiej's Jewellery Boutique.
  1410 | D:2      | XOM: cast spell 'Olgreb's Toxic Radiance'
  1415 | D:2      | XOM: butterfly on damage
  1416 | D:2      | Killed Terence
  1635 | D:2      | Found a faded altar of an unknown god.
  1752 | D:2      | Found Jeduq's Distillery.
  1784 | D:2      | Found Rused's Antique Weapon Boutique.
  1851 | D:2      | Reached skill level 6 in Long Blades
  2174 | D:3      | Found Nier's Weapon Boutique.
  2182 | D:3      | XOM: noise
  2183 | D:3      | Reached XP level 5. HP: 35/45 MP: 4/4
  2202 | D:3      | XOM: divination: detect items
  2205 | D:3      | XOM: silly message
  2436 | D:3      | XOM: divination: magic mapping
  2534 | D:4      | Found an ornate altar of the Wu Jian Council.
  2601 | D:4      | XOM: divination: detect items
  2607 | D:4      | Reached skill level 7 in Long Blades
  2741 | D:4      | Found a staircase to the Ecumenical Temple.
  2815 | D:4      | Reached XP level 6. HP: 51/51 MP: 5/5
  2941 | D:4      | Reached skill level 8 in Long Blades
  2999 | D:4      | Found Gopiena's General Store.
  3003 | D:4      | Bought a scroll of identify for 28 gold pieces
  3004 | D:4      | Bought a potion of resistance for 140 gold pieces
  3006 | D:4      | Found a shimmering altar of Xom.
  3117 | D:4      | XOM: give mutations
  3117 | D:4      | Gained mutation: You have hidden genetic potential. [Xom's
                  | grace]
  3117 | D:4      | Gained mutation: Your flesh is cold resistant. (rC+) [Xom's
                  | grace]
  3117 | D:4      | Gained mutation: Your flesh is heat resistant. (rF+) [Xom's
                  | grace]
  3123 | D:4      | Noticed Menkaure
  3129 | D:4      | Killed Menkaure
  3147 | D:4      | Reached skill level 9 in Long Blades
  3394 | D:4      | XOM is BORED!
  3394 | D:4      | XOM: give mutations
  3394 | D:4      | Gained mutation: Armour fits poorly on your strangely
                  | shaped body. [Xom's mischief]
  3394 | D:4      | Gained mutation: You are clumsy. (Dex -2) [Xom's mischief]
  3394 | D:4      | Gained mutation: You are frail. (-10% HP) [Xom's mischief]
  3495 | D:4      | Found a stormy altar of Qazlal.
  3495 | D:4      | Found an ancient bone altar of Kikubaaqudgha.
  3514 | D:4      | XOM: god gift: 27 stones
  3691 | D:5      | Entered Level 5 of the Dungeon
  3714 | D:5      | Reached XP level 7. HP: 34/51 MP: 6/6
  3965 | D:5      | Found a snail-covered altar of Cheibriados.
  3983 | D:5      | XOM: swap monsters
  3989 | D:5      | XOM: swap monsters
  4015 | D:5      | Gained mutation: Your system is resistant to poisons.
                  | (rPois) [hidden potential]
  4063 | D:5      | Reached skill level 10 in Long Blades
  4147 | D:5      | XOM: silly message
  4227 | D:5      | XOM: god gift: staff of death
  4239 | D:5      | XOM: scenery: summon butterflies
  4290 | D:5      | Found a blossoming altar of Fedhas.
  4405 | D:5      | Noticed Edmund
  4412 | D:5      | Killed Edmund
  4514 | D:5      | XOM: give mutations
  4514 | D:5      | Gained mutation: Your spells are a little harder to cast,
                  | but a little more powerful. [Xom's grace]
  4514 | D:5      | Gained mutation: You possess an exceptional clarity of
                  | mind. [Xom's grace]
  4514 | D:5      | Gained mutation: You are resistant to electric shocks.
                  | (rElec) [Xom's grace]
  4514 | D:5      | Lost mutation: You are frail. (-10% HP) [Xom's grace]
  4563 | D:5      | Noticed Ijyb
  4564 | D:5      | XOM: scenery: summon butterflies
  4565 | D:5      | XOM: fake destruction
  4573 | D:5      | XOM: enchant monster (bad)
  4575 | D:5      | Killed Ijyb
  4661 | D:5      | XOM: summons 4 friendly demons
  4666 | D:5      | Reached skill level 11 in Long Blades
  4962 | D:6      | XOM: divination: magic mapping
  4969 | D:6      | Reached XP level 8. HP: 52/64 MP: 7/7
  5067 | D:6      | Gained mutation: Your muscles are strong. (Str +4,
                  | Int/Dex-1) [hidden potential]
  5067 | D:6      | Lost mutation: You have hidden genetic potential. [hidden
                  | potential expressed]
  5133 | D:6      | XOM: give mutations
  5133 | D:6      | Lost mutation: Your flesh is heat resistant. (rF+) [Xom's
                  | mischief]
  5133 | D:6      | Lost mutation: Your spells are a little harder to cast, but
                  | a little more powerful. [Xom's mischief]
  5380 | D:6      | Reached skill level 12 in Long Blades
  5446 | D:6      | XOM: scenery: summon butterflies
  5616 | D:6      | XOM: god gift: 62 gold pieces
  5657 | D:6      | XOM: give mutations
  5657 | D:6      | Gained mutation: You have a pair of large horns on your
                  | head. [Xom's mischief]
  5657 | D:6      | Lost mutation: Your muscles are strong. (Str +4, Int/Dex-1)
                  | [Xom's mischief]
  5657 | D:6      | Gained mutation: You are weak. (Str -2) [Xom's mischief]
  5902 | D:6      | XOM: god gift: scroll labelled ATREAGE SEPU {god gift}
  6146 | D:2      | Bought a potion of might for 48 gold pieces
  6146 | D:2      | Bought a potion of haste for 120 gold pieces
  6260 | D:7      | XOM: god gift: scroll of teleportation
  6298 | D:7      | Reached skill level 13 in Long Blades
  6360 | D:7      | XOM: fog
  6371 | D:7      | HP: 3/64 [gnoll/+0 halberd[a gnoll shaman] (11)]
  6378 | D:7      | HP: 1/64 [gnoll/+0 halberd[a gnoll shaman] (6)]
  6378 | D:7      | Mangled by a gnoll

Illustrated notes

Levels and vault maps discovered:
D:1:      grunt_arrival_lava_bath, layout_basic
D:2:      layout_basic, hellmonk_ecumenical_altar_arch_garden, serial_shops,
          nicolae_shop_waterfront, nicolae_shop_competitors_out_of_business,
          nicolae_shop_temple_entry_statues_fountains,
          nicolae_shop_temple_entry_statues_fountains,
          nicolae_shop_behind_doors, chequers_serial_rivers_room_a, uniq_terence
D:3:      layout_rooms, serial_shops, shop_coins
D:4:      layout_loops_ring, overflow_temple_1_default, lemuel_crystal_altar,
          gammafunk_temple_overflow_elements, minmay_temple_entry_overgrown,
          serial_shops, shop, uniq_menkaure
D:5:      layout_cave_pools, mainiacjoe_overflow_swirl, uniq_ijyb, uniq_edmund
D:6:      layout_basic
D:7:      layout_cave_pools, mainiacjoe_overflow_cross_hatched

Skill      XL: |  1  2  3  4  5  6  7  8 |
---------------+-------------------------+-----
Long Blades    | 4 5 6 7 9 11 13 | 13.6
Evocations     | 1 |  1.6
Fighting       | |  3.6
Armour         | |  2.4
Dodging        | |  1.1

Action                   |  1- 3 |  4- 6 |  7- 9 || total
-------------------------+-------+-------+-------++-------
Melee: Falchion          |    70 |     7 |       ||    77
       Headbutt          |     7 |    13 |     9 ||    29
       Long sword        |       |    89 |    85 ||   174
Throw: Boomerang         |    18 |     9 |       ||    27
       Stone             |       |    29 |     5 ||    34
       Dart              |       |    23 |    47 ||    70
Evoke: Piece from Xom's  |    16 |       |       ||    16
  Use: Scroll            |     1 |     8 |     6 ||    15
       Potion            |       |     1 |     4 ||     5
 Stab: Petrified         |     3 |       |       ||     3
Armor: Ring mail         |    38 |    34 |     9 ||    81
       Plate armour      |       |       |    49 ||    49
Dodge: Dodged            |    44 |    43 |    36 ||   123

Table legend: (Time is in decaauts)
 A = Elapsed time spent in this place.
 B = Non-inter-level travel time spent in this place.
 C = Inter-level travel time spent in this place.
 D = Time resting spent in this place.
 E = Time spent auto-exploring this place.
 F = Levels seen in this place.
 G = Mean time per level.
                   A        B        C        D        E       F      G
               +--------+--------+--------+--------+--------+-----+--------+
         Total |   6365 |   5972 |    393 |   1115 |   3608 |   7 |  909.3 |
       Dungeon |   6365 |   5972 |    393 |   1115 |   3608 |   7 |  909.3 |
               +--------+--------+--------+--------+--------+-----+--------+

Top non-repeatable levels by time:
     D:6: 1337 daAuts
     D:4: 1212 daAuts
     D:5: 1136 daAuts
     D:1: 1082 daAuts
     D:2: 898 daAuts
     D:3: 578 daAuts
     D:7: 119 daAuts
